 Dungeon Crawl Stone Soup version 0.28.0-53-g5a82cb258f (webtiles) character file.

Game seed: 16348981699556921048

382 Plasmagod the Insei (level 6, 0/47 HPs)
             Began as a Draconian Transmuter on July 9, 2022.
             Succumbed to an adder's poison
             ... on level 4 of the Dungeon.
             The game lasted 00:25:46 (4388 turns).

Plasmagod the Insei (Draconian Transmuter)          Turns: 4388, Time: 00:25:46

Health: 0/47       AC:  6    Str: 12    XL:     6   Next: 47%
Magic:  10/10      EV: 12    Int: 15    God:
Gold:   111        SH:  0    Dex: 12    Spells: 8/11 levels left

rFire   . . .      SeeInvis .     - Unarmed
rCold   . . .      Faith    .   (no shield)
rNeg    . . .      Spirit   .   (armour unavailable)
rPois   .          Reflect  .   (helmet currently unavailable)
rElec   .          Harm     .   (no cloak)
rCorr   .          Rampage  .   (no gloves)
Will    .....      Rage     1%  (boots currently unavailable)
Stlth   ++........              (no amulet)
HPRegen 0.15/turn               (no ring)
MPRegen 0.12/turn               (no ring)

@: mighty, lethally poisoned (0 -> -1), appendages (expiring)
A: horns 2, talons 2, AC +6, unfitting armour, cold-blooded, berserk 1,
inability to read while threatened, MP-powered wands
a: End Transformation


You were on level 4 of the Dungeon.
You had temporarily grown beastly horns and talons.
You visited 1 branch of the dungeon, and saw 4 of its levels.

You collected 111 gold pieces.

Inventory:

Armour
 a - a +2 pair of boots (melded)
Jewellery
 b - an amulet of magic regeneration
 c - a ring of fire
Scrolls
 e - 3 scrolls of blinking
 g - a scroll of vulnerability
 h - a scroll of magic mapping {unknown}
 j - a scroll of enchant weapon {unknown}
Potions
 d - a potion of degeneration


   Skills:
 + Level 1.5 Fighting
 + Level 0.2 Staves
 + Level 2.6 Dodging
 + Level 2.0 Stealth
 + Level 5.4 Unarmed Combat
 + Level 3.0 Spellcasting
 + Level 3.0 Transmutations


You had 8 spell levels left.
You knew the following spells:

 Your Spells              Type           Power      Damage    Failure   Level
a - Beastly Appendage     Tmut           22%        N/A       6%          1
b - Wereblood             Tmut           11%        N/A       9%          2

Your spell library contained the following spells:

 Spells                   Type           Power      Damage    Failure   Level
 Spider Form              Tmut/Pois      6%         N/A       32%         3
 Call Canine Familiar     Summ           2%         N/A       52%         3
 Confusing Touch          Hex            2%         N/A       52%         3
 Portal Projectile        Hex/Tloc       4%         N/A       52%         3
 Ice Form                 Ice/Tmut       6%         N/A       71%         4
 Leda's Liquefaction      Hex/Erth       1%         N/A       89%         4
 Summon Ice Beast         Ice/Summ       2%         N/A       89%         4
 Yara's Violent Unravell  Hex/Tmut       3%         3d4       96%         5
 Summon Mana Viper        Hex/Summ       2%         N/A       99%         5
 Enfeeble                 Hex            1%         N/A       100%        7
 Monstrous Menagerie      Summ           1%         N/A       100%        7


Dungeon Overview and Level Annotations

Branches:
Dungeon (4/15)
 Temple: D:4-7

Altars:
Xom
Yredelemnul


Innate Abilities, Weirdness & Mutations

You have temporarily grown beastly horns and talons.
Your plain brown scales are hard. (AC +6)
You cannot fit into any form of body armour.
You are cold-blooded and may be slowed by cold attacks.
You tend to lose your temper in combat.
You sometimes lose the ability to read scrolls when taking damage.
You expend magic power (3 MP) to strengthen your wands.


Message History

The phantom is heavily damaged.
The adder bites you but does no damage. The necrophage closely misses you.
The phantom hits you.
You hit the phantom. You claw the phantom, but do no damage.
You headbutt the phantom.
Your tail-slap misses the phantom.
The phantom is almost destroyed.
The adder bites you.
You are poisoned.
The adder poisons you! The necrophage barely misses you. The phantom hits you.
* * * LOW HITPOINT WARNING * * *
The phantom blinks!
You blink.
Found 22 stones and 9 gold pieces.
It was a potion of mutation.
You feel extremely strange.
You feel a little pissed off.
You lose the ability to read scrolls when threatened.
You feel your magical essence link to the dungeon's wands.
You feel sick. The phantom hits you.
You feel threatened and lose the ability to read scrolls!
* * * LOW HITPOINT WARNING * * *
The phantom blinks!
You blink.
It was a potion of might.
You feel very mighty all of a sudden.
* * * LOW HITPOINT WARNING * * *
You feel sick.
The phantom hits you but does no damage.
You punch the phantom!
You destroy the phantom!
* * * LOW HITPOINT WARNING * * *
You feel sick.
The goblin throws a stone.
The stone closely misses you. The goblin barely misses you.
Your Stealth skill increases to level 2!
Your Spellcasting skill increases to level 3!
Your Transmutations skill increases to level 3!
You cannot read scrolls in your current state!
You punch the goblin!
You kill the goblin!
You punch the goblin!
You kill the goblin!
Your transformation is almost over.
You can read scrolls again.
You die...

..#.#..................
)...#...................
........................
###.....................
#......................
#......................
#......................
#..............).......
#............S)@.......
#.............n........
#......................
##.....................
#.....................
#.#...................
#.##.................. .
##.............(..# .
##............$.


You could see a necrophage and an adder.

Vanquished Creatures
  An ogre (D:3)
  A phantom (D:4)
  An orc priest (D:3)
  An orc wizard (D:3)
  5 gnolls
  4 adders
  An ufetubus (D:4)
  A worm (D:3)
  A dart slug (D:3)
  4 orcs
  8 endoplasms
  2 giant cockroaches
  10 goblins
  3 hobgoblins
  7 jackals (D:1)
  9 kobolds
  5 quokkas
  5 ball pythons
  2 bats (D:3)
  5 frilled lizards
  4 rats
80 creatures vanquished.

Notes
Turn   | Place    | Note
-------+----------+-------------------------------------------
     0 | D:1      | Plasmagod the Draconian Transmuter began the quest for the
                  | Orb.
     0 | D:1      | Reached XP level 1. HP: 16/16 MP: 3/3
    58 | D:1      | Reached XP level 2. HP: 7/23 MP: 5/5
   310 | D:1      | Found a faded altar of an unknown god.
   776 | D:1      | Learned a level 2 spell: Wereblood
   855 | D:1      | Reached XP level 3. HP: 20/28 MP: 4/6
  1661 | D:2      | Found a basalt altar of Yredelemnul.
  1741 | D:2      | Reached skill level 4 in Unarmed Combat
  2048 | D:2      | Reached XP level 4. HP: 25/35 MP: 5/7
  3438 | D:3      | Reached skill level 1 in Stealth
  3598 | D:3      | Reached XP level 5. HP: 39/40 MP: 6/8
  3717 | D:3      | Found a shimmering altar of Xom.
  4159 | D:4      | Noticed a phantom
  4261 | D:4      | Noticed an ogre
  4279 | D:3      | Killed an ogre
  4280 | D:3      | Reached skill level 5 in Unarmed Combat
  4280 | D:3      | Reached XP level 6. HP: 40/47 MP: 10/10
  4384 | D:4      | Gained mutation: You tend to lose your temper in combat.
                  | [potion of mutation]
  4384 | D:4      | Gained mutation: You sometimes lose the ability to read
                  | scrolls when taking damage. [potion of mutation]
  4384 | D:4      | Gained mutation: You expend magic power (3 MP) to
                  | strengthen your wands. [potion of mutation]
  4385 | D:4      | HP: 2/47 [poisoned by an adder]
  4388 | D:4      | Succumbed to an adder's poison

Illustrated notes

Levels and vault maps discovered:
D:1:      scummos_arrival_simple_fountains, layout_loops_corners,
          ebering_ecumenical_altar_mist
D:2:      minmay_door_path, layout_basic, basic_altar
D:3:      layout_basic, mainiacjoe_overflow_alcove_1
D:4:      layout_basic, solitary_fountain, st_stairs_8,
          eino_small_chamber_without_monster, due_unseen_surprise

Skill      XL: |  1  2  3  4  5  6 |
---------------+-------------------+-----
Dodging        | 2 |  2.6
Unarmed Combat | 4 5 |  5.4
Stealth        | 1 2 |  2.0
Spellcasting   | 3 |  3.0
Transmutations | 3 |  3.0
Fighting       | |  1.5
Staves         | |  0.2

Action                   |  1- 3 |  4- 6 || total
-------------------------+-------+-------++-------
Melee: Unarmed           |    98 |   130 ||   228
       Kick              |     9 |    15 ||    24
       Tailslap          |    14 |    15 ||    29
       Headbutt          |     7 |     9 ||    16
       Staff             |     9 |       ||     9
       Punch             |       |     4 ||     4
 Cast: Beastly Appendage |     7 |    12 ||    19
       Wereblood         |     1 |     3 ||     4
  Use: Scroll            |     2 |     4 ||     6
       Potion            |       |     2 ||     2
 Stab: Sleeping          |       |     2 ||     2
Armor: Skin              |    30 |    29 ||    59
Dodge: Dodged            |    47 |    75 ||   122
